Map: Old Republic LE

Players

HoldTheDoor - Winner!

  • Race: Protoss Protoss
  • League: Diamond
  • Spawn Location: 7:00

Sten

  • Race: Terran Terran
  • League: Master
  • Spawn Location: 1:00

VOD

Have the link to the VOD?

Description

Time

  • Played on: May 7, 2026, 11:37 a.m.
  • Length: 7:54
Show
View Real Time Build Order
Export as new Build Order

HoldTheDoor Protoss - Winner!

Build Orders: 1 Gate Expand 

Get SALT Encoding   

  12  0:00  Probe  
  13  0:12  Probe  
  14  0:17  Pylon  
  14  0:24  Probe  
  15  0:32  Probe  
  15  0:38  Gateway  
  15  0:40  Probe  
  16  0:49  Assimilator  
  17  0:50  Probe  
  18  1:03  Probe  
  18  1:04  Pylon  
  19  1:15  Probe  
  20  1:27  Probe  
  20  1:29  Cybernetics Core  
  21  1:38  Nexus  
  21  1:41  Probe  
  22  1:47  Assimilator  
  22  1:54  Probe  
  22  1:58  Pylon  
  23  2:01  Warp Gate  
  23  2:16  Probe  
  23  2:21  Adept  
  24  2:28  Gateway  
  24  3:05  Probe x2  
  26  3:13  Pylon  
  26  3:16  Sentry  
  26  3:17  Probe x2, Adept  
  32  3:27  Robotics Facility  
  32  3:29  Probe, Pylon  
  32  3:31  Probe  
  34  3:37  Pylon  
  34  3:47  Gateway  
  34  3:53  Gateway  
  34  4:02  Probe  
  35  4:04  Probe  
  36  4:11  Twilight Council  
  36  4:13  Pylon  
  36  4:14  Probe  
  37  4:22  Immortal, Probe  
  38  4:26  Probe  
  38  4:29  Charge  
  43  4:35  Probe  
  44  4:38  Probe  
  44  4:40  Stalker  
  44  4:42  Sentry  
  49  4:47  Probe  
  49  4:50  Probe  
  51  4:54  Zealot  
  51  4:58  Zealot  
  51  4:59  Probe  
  56  5:05  Warp Prism  
  58  5:08  Probe  
  59  5:20  Zealot x3  
  65  5:25  Zealot, Pylon  
  65  5:26  Probe  
  68  5:40  Stalker x3  
  74  5:49  Pylon  
  74  5:57  Forge  
  74  6:09  Stalker x4  
  82  6:32  Zealot x2  
  84  6:33  Zealot x2  
  84  6:37  Gateway  
  84  6:39  Gateway  
  90  6:41  Gateway  
  90  6:43  Gateway  
  90  6:46  Pylon  
  82  7:01  Zealot x4  
  60  7:25  Stalker x2  
  60  7:26  Stalker x2  
  60  7:45  Zealot x4  
Show
View Real Time Build Order
Export as new Build Order

Sten Terran 

Build Orders: Gas First Reaper Expand 

Get SALT Encoding   

  12  0:00  SCV  
  13  0:12  SCV  
  14  0:17  Supply Depot  
  14  0:26  Refinery  
  14  0:29  SCV  
  15  0:40  Barracks  
  15  0:41  SCV  
  16  0:46  Refinery  
  16  0:53  SCV  
  17  1:05  SCV  
  18  1:27  Orbital Command  
  18  1:29  Reaper  
  19  1:44  Supply Depot  
  19  1:57  Command Center  
  19  2:02  Barracks Reactor  
  19  2:06  SCV  
  20  2:18  SCV  
  20  2:19  Bunker  
  21  2:30  SCV  
  22  2:46  SCV  
  22  2:58  SCV  
  22  3:04  Marine x2, Command Center  
  22  3:05  Refinery  
  25  3:11  SCV  
  25  3:12  Factory  
  26  3:22  Orbital Command  
  26  3:24  Marine  
  27  3:27  Marine  
  27  3:29  SCV  
  29  3:41  SCV  
  29  3:45  Barracks  
  29  3:46  Marine  
  31  3:48  Marine  
  31  3:53  SCV  
  33  3:55  SCV  
  33  3:56  Factory Tech Lab  
  33  4:02  Starport  
  34  4:05  SCV  
  34  4:08  SCV  
  36  4:10  Marine  
  36  4:15  Bunker  
  37  4:18  SCV  
  37  4:21  Orbital Command  
  38  4:32  Engineering Bay  
  38  4:33  Barracks Tech Lab  
  38  4:35  Siege Tank  
  38  4:36  SCV  
  42  4:38  SCV  
  42  4:42  Refinery  
  43  4:48  Marine x2, SCV  
  43  4:49  Starport Tech Lab  
  46  4:54  SCV x2  
  46  4:57  Stimpack  
  46  4:58  Marine  
  49  5:06  Engineering Bay  
  49  5:07  Missile Turret  
  49  5:09  Missile Turret  
  49  5:13  Siege Tank  
  52  5:16  Raven  
  52  5:18  Marine  
  52  5:19  Marine  
  56  5:22  SCV x2  
  56  5:24  SCV  
  59  5:34  SCV x2  
  59  5:35  Refinery  
  61  5:39  Supply Depot  
  61  5:43  Supply Depot  
  61  5:44  Terran Infantry Weapons Level 1  
  61  5:46  Terran Infantry Armor Level 1  
  61  5:59  Armory  
  61  6:01  SCV x3  
  61  6:02  Supply Depot, Marine  
  61  6:03  Marine x2  
  67  6:12  Barracks  
  67  6:13  SCV  
  67  6:14  Starport Reactor  
  67  6:16  SCV x2  
  67  6:17  Barracks  
  70  6:24  Supply Depot, Marine  
  70  6:25  SCV, Marine  
  73  6:30  Siege Tank  
  76  6:35  SCV  
  76  6:36  SCV  
  76  6:37  SCV  
  79  6:44  Marauder, Marine x2  
  66  7:05  Marauder  
  66  7:08  Marauder, Barracks Reactor  
  61  7:23  Marine x2  
  61  7:26  Marine  
  61  7:29  Marine  
Tags
 
Add a new tag
Caveats
  • Supply blocks, unpowered buildings, or Contaminate may cause inaccurate times.
  • Supply counts are checked every 10 seconds.